 Dungeon Crawl Stone Soup version 0.31-a0-233-g139696dc86 (webtiles) character file.

Game seed: 16422093760509447702

1514 reriks the Magician (level 8, -2/41 HPs)
             Began as a Deep Elf Venom Mage on July 9, 2023.
             Was a Believer of Sif Muna.
             Killed from afar by an orc wizard (5 damage)
             ... with a puff of flame
             ... on level 6 of the Dungeon.
             The game lasted 00:21:18 (9383 turns).

reriks the Magician (Deep Elf Venom Mage)           Turns: 9383, Time: 00:21:18

Health: -2/41      AC:  3    Str:  5    XL:     8   Next: 53%
Magic:  20/20      EV: 15    Int: 23    God:    Sif Muna [**....]
Gold:   303        SH:  0    Dex: 15    Spells: 9/21 levels left

rFire   + . .        h - +1 short sword (venom)
rCold   + + .        (no shield)
rNeg    . . .        m - +1 robe {rC+}
rPois   .            (no helmet)
rElec   .            f - scarf {rC+ rF+}
rCorr   .            (no gloves)
SInv    .            (no boots)
Will    .....        (no amulet)
Stlth   ++           (no ring)
HPRegen 0.26/turn    (no ring)
MPRegen 0.17/turn

%: no passive effects
@: no status effects
A: no striking features
a: Renounce Religion, Channel Magic


You were on level 6 of the Dungeon.
You worshipped Sif Muna.
Sif Muna was pleased with you.
You visited 1 branch of the dungeon, and saw 6 of its levels.

You collected 303 gold pieces.

Inventory:

Hand Weapons
 c - a +0 club
 d - a +0 dagger
 h - a +1 short sword of venom (weapon)
Armour
 a - a +0 robe
 f - a scarf of resistance (worn)
 m - a +1 robe of cold resistance (worn)
Wands
 g - a wand of paralysis (14)
 n - a wand of flame (5)
 o - a wand of iceblast (5)
Scrolls
 l - a scroll of vulnerability
 s - a scroll of identify
Potions
 b - 3 potions of magic
 e - 3 potions of enlightenment {unknown}
 i - a potion of lignification {unknown}
 j - a potion of berserk rage
 k - 3 potions of attraction {unknown}
 p - a potion of degeneration {unknown}
 q - a potion of heal wounds {unknown}


   Skills:
 + Level 6.3 Dodging
 - Level 2.7 Stealth
 + Level 7.1 Spellcasting
 + Level 5.4 Transmutations
 + Level 6.4 Poison Magic
 + Level 3.8 Invocations


You had 9 spell levels left.
You knew the following spells:

 Your Spells              Type           Power      Damage    Failure   Level
a - Sting                 Tmut/Pois      100%       1d8       1%          1
b - Poisonous Vapours     Pois/Air       46%        N/A       3%          2
c - Mephitic Cloud        Conj/Pois/Air  18%        N/A       10%         3
d - Static Discharge      Conj/Air       16%        2-3/arc   12%         2
e - Olgreb's Toxic Radia  Pois           37%        N/A       5%          4

Your spell library contained the following spells:

 Spells                   Type           Power      Damage    Failure   Level
 Wereblood                Tmut           33%        N/A       1%          2
 Slow                     Hex            32%        N/A       8%          1
 Sublimation of Blood     Necr           8%         N/A       12%         2
 Confusing Touch          Hex            8%         N/A       22%         3
 Vampiric Draining        Necr           8%         2d6       22%         3
 Airstrike                Air            4%         2d(1-17)  58%         4
 Summon Lightning Spire   Summ/Air       8%         N/A       58%         4
 Summon Hydra             Summ           4%         N/A       100%        7


Dungeon Overview and Level Annotations

Branches:
Dungeon (6/15)             Temple (0/1) D:5

Altars:
Ashenzari
Kikubaaqudgha
Nemelex Xobeh
Okawaru
Qazlal
Ru
Sif Muna
Yredelemnul

Shops:
D:2 !

Annotations:
D:3 Sigmund


Message History

You hit something.
You hear the hiss of a very distant avalanche of sand.
Something completely misses you.
You barely miss something. Something hits you but does no damage.
You barely miss something. Something hits you.
You miss something. Something hits you.
You barely miss something. Something hits you.
You hit something. Something barely misses you.
You closely miss something. Something hits you.
You hit something but do no damage. Something hits you but does no damage.
You hit something. Something hits you.
You hit something but do no damage. Something hits you.
* * * LOW HITPOINT WARNING * * *
You barely miss something. Something barely misses you.
You closely miss something. Something hits you.
* * * LOW HITPOINT WARNING * * *
An adder comes into view.
You barely miss something.
You hear some strange, mumbled words.
You are confused.
The adder moves out of view.
Something hits you.
* * * LOW HITPOINT WARNING * * *
The adder hisses angrily.
A magic dart appears from out of thin air!
The magic dart hits you!
* * * LOW HITPOINT WARNING * * *
An orc wizard appears from thin air!
Reactivating autopickup.
You bump into the rock wall.
The orc wizard gestures wildly while chanting.
The orc wizard flickers and vanishes!
Deactivating autopickup; reactivate with Ctrl-A.
You bump into the rock wall.
You feel less confused. The adder closely misses you.
You hear some strange, mumbled words.
A puff of flame appears from out of thin air!
The puff of flame hits you. You resist.
You die...

#.......# #.......# #.......#
####### ##.....## #.....#
##.....## #.....# #.......##
#.....# #........#######.....#
#.............##.....##########
##.....######.@#......>........
##...## ##{S.......########
#.### #######.§....#.## #...#
#....§.§.§......#
#...###.§§§≈≈§§§≈..#..#
#...##..§§......≈.##..#
#).##§..≈.≈≈≈≈≈.≈.##...§
#..##.#§≈.≈.?.≈.≈.##.#§§§
#.....#§≈§≈._.≈.≈.# .##§#


You could see an adder.

Vanquished Creatures
  Grinder (D:5)
  Prince Ribbit (D:5)
  A yak (D:5)
  Duvessa (D:4)
  An ice beast (D:3)
  3 scorpions
  Dowan (D:4)
  3 hounds
  4 orc priests
  A jelly (D:4)
  3 orc wizards
  Robin (D:2)
  A gnoll (D:1)
  10 adders
  2 shadow imps (D:5)
  An adder zombie (D:3)
  2 worms
  6 dart slugs
  12 orcs
  3 ball pythons
  5 bats
  8 endoplasms
  2 giant cockroaches
  14 goblins
  8 hobgoblins
  11 jackals
  9 kobolds
  4 quokkas
  5 frilled lizards
  A giant cockroach zombie (D:3)
  A jackal zombie (D:3)
  5 rats
131 creatures vanquished.

Notes
Turn   | Place    | Note
-------+----------+-------------------------------------------
     0 | D:1      | reriks the Deep Elf Venom Mage began the quest for the Orb.
     0 | D:1      | Reached XP level 1. HP: 10/10 MP: 6/6
   121 | D:1      | Reached XP level 2. HP: 7/15 MP: 0/8
   836 | D:1      | Reached XP level 3. HP: 15/19 MP: 7/10
  1455 | D:2      | Learned a level 2 spell: Poisonous Vapours
  1459 | D:2      | Learned a level 3 spell: Mephitic Cloud
  1871 | D:2      | Found a shimmering blue altar of Sif Muna.
  1906 | D:2      | Became a worshipper of Sif Muna the Loreminder
  1925 | D:2      | Found a faded altar of an unknown god.
  2304 | D:2      | Noticed Robin
  2336 | D:2      | Reached XP level 4. HP: 24/24 MP: 3/11
  2600 | D:2      | Found Bungirghy's Distillery.
  2783 | D:2      | Killed Robin
  2784 | D:2      | Reached skill level 4 in Spellcasting
  3249 | D:3      | Noticed an ice beast
  3260 | D:2      | Learned a level 2 spell: Static Discharge
  3862 | D:3      | Noticed Sigmund
  4320 | D:3      | Reached XP level 5. HP: 28/28 MP: 6/13
  4499 | D:3      | Learned a level 4 spell: Olgreb's Toxic Radiance
  5113 | D:3      | Found a basalt altar of Yredelemnul.
  5151 | D:3      | Found a broken altar of Ashenzari.
  5326 | D:3      | Reached * piety under Sif Muna
  5630 | D:4      | Noticed Duvessa
  5630 | D:4      | Noticed Dowan
  5641 | D:3      | Killed an ice beast
  5642 | D:3      | Reached skill level 5 in Spellcasting
  5642 | D:3      | Reached XP level 6. HP: 10/32 MP: 2/15
  6822 | D:4      | Reached skill level 5 in Poison Magic
  6822 | D:4      | Reached skill level 1 in Invocations
  7285 | D:4      | Killed Duvessa
  7286 | D:4      | Reached skill level 5 in Dodging
  7286 | D:4      | Reached XP level 7. HP: 23/36 MP: 9/17
  7289 | D:4      | Killed Dowan
  8145 | D:5      | Entered Level 5 of the Dungeon
  8248 | D:5      | Found a staircase to the Ecumenical Temple.
  8503 | D:5      | Noticed a yak
  8534 | D:5      | Killed a yak
  8535 | D:5      | Reached skill level 6 in Spellcasting
  8594 | D:5      | Found an ancient bone altar of Kikubaaqudgha.
  8594 | D:5      | Found a stormy altar of Qazlal.
  8601 | D:5      | Found a sparkling altar of Nemelex Xobeh.
  8603 | D:5      | Found an iron altar of Okawaru.
  8605 | D:5      | Found a shimmering blue altar of Sif Muna.
  8718 | D:5      | Noticed Prince Ribbit
  8732 | D:5      | Killed Prince Ribbit
  8733 | D:5      | Reached XP level 8. HP: 36/41 MP: 15/19
  8862 | D:5      | Noticed Grinder
  8864 | D:5      | Paralysed by Grinder for 3 turns
  8872 | D:5      | Killed Grinder
  8873 | D:5      | Reached skill level 5 in Transmutations
  8885 | D:5      | Reached ** piety under Sif Muna
  9118 | D:6      | Reached skill level 7 in Spellcasting
  9247 | D:6      | Found a sacrificial altar of Ru.
  9379 | D:6      | HP: 2/41 [something/magic dart (8)]
  9383 | D:6      | Killed from afar by an orc wizard

Illustrated notes

Levels and vault maps discovered:
D:1:      dpeg_arrival_tiny_a, layout_loops_cross, nrook_uturn
D:2:      layout_basic, shapermc_ecumenical_altar_notcrosses, basic_altar,
          serial_shops, shop, serial_glass, glass_columns_c, glass_columns_c,
          item_on_display_a, item_on_display_a, uniq_robin
D:3:      layout_basic, evilmike_ruin_ashenzari,
          nicolae_yredelemnul_corpse_copse, uniq_sigmund
D:4:      layout_gridville, nicolae_houndstooth_variations, uniq_duvessa
D:5:      kennysheep_big_flooded_room, layout_basic,
          chequers_temple_overflow_minitemple, minmay_temple_entry_mist,
          uniq_prince_ribbit1, uniq_grinder
D:6:      layout_rooms, kennysheep_mini_moat,
          mainiacjoe_overflow_concentric_impassable, enter_ossuary_1,
          minmay_chambers_of_fives, uniq_pikel

Skill      XL: |  1  2  3  4  5  6  7  8 |
---------------+-------------------------+-----
Dodging        | 3 4 5 6 |  6.3
Transmutations | 2 3 4 5 |  5.4
Poison Magic   | 4 5 6 |  6.4
Spellcasting   | 4 5 6 7 |  7.1
Invocations    | 1 3 |  3.8
Stealth        | |  2.7

Action                     |  1- 3 |  4- 6 |  7- 9 || total
---------------------------+-------+-------+-------++-------
  Melee: Club              |       |     1 |       ||     1
         Short sword       |       |    25 |    27 ||    52
   Cast: Sting             |    47 |    74 |    37 ||   158
         Poisonous Vapours |    23 |    77 |    40 ||   140
         Static Discharge  |       |     5 |       ||     5
  Evoke: Wand              |       |       |     7 ||     7
    Use: Scroll            |       |     5 |     3 ||     8
         Potion            |       |     1 |       ||     1
 Armour: Robe              |    11 |    20 |     9 ||    40
  Dodge: Dodged            |    23 |    68 |    29 ||   120

Table legend: (Time is in decaauts)
 A = Elapsed time spent in this place.
 B = Non-inter-level travel time spent in this place.
 C = Inter-level travel time spent in this place.
 D = Time resting spent in this place.
 E = Time spent auto-exploring this place.
 F = Levels seen in this place.
 G = Mean time per level.
                   A        B        C        D        E       F      G
               +--------+--------+--------+--------+--------+-----+--------+
         Total |   9391 |   8940 |    451 |   3901 |   3155 |   6 | 1565.2 |
       Dungeon |   9391 |   8940 |    451 |   3901 |   3155 |   6 | 1565.2 |
               +--------+--------+--------+--------+--------+-----+--------+

Top non-repeatable levels by time:
     D:2: 2528 daAuts
     D:3: 2399 daAuts
     D:4: 1807 daAuts
     D:1: 1431 daAuts
     D:5: 953 daAuts
     D:6: 270 daAuts
